 Dungeon Crawl Stone Soup version 0.31-a0-265-gcf7e37af1d (webtiles) character file.

Game seed: 14896381387927790412

14 qw the Shooter (level 2, 0/16 HPs)
             Began as a Gargoyle Hexslinger on July 13, 2023.
             Slain by an adder (3 damage)
             ... on level 2 of the Dungeon.
             The game lasted 00:00:12 (546 turns).

qw the Shooter (Gargoyle Hexslinger)                 Turns: 546, Time: 00:00:13

Health: 0/16       AC:  5    Str: 11    XL:     2   Next: 41%
Magic:  3/3        EV: 11    Int: 13    God:
Gold:   101        SH:  0    Dex: 12    Spells: 2/3 levels left

rFire   . . .        Y - +1 sling
rCold   . . .        (no shield)
rNeg    + . .        g - +0 leather armour
rPois   inf          (no helmet)
rElec   +            (no cloak)
rCorr   .            (no gloves)
SInv    .            (no boots)
Will    .....        (no amulet)
Stlth   +            (no ring)
HPRegen 0.22/turn    (no ring)
MPRegen 0.08/turn

%: no passive effects
@: no status effects
A: sickness immunity, AC +2, negative energy resistance 1, electricity
resistance, torment resistance 1, petrification resistance
a: no special abilities


You were on level 2 of the Dungeon.
You visited 1 branch of the dungeon, and saw 2 of its levels.

You collected 101 gold pieces.


Innate Abilities, Weirdness & Mutations

You are immune to sickness and miasma.
Your stone body is resilient. (AC +2)
You are immune to poison.
You resist negative energy. (rN+)
You are resistant to electric shocks. (rElec)
You are resistant to unholy torment.
You are immune to petrification.


   Skills:
 + Level 1.1 Fighting
 - Level 3.0 Ranged Weapons
 - Level 1.5 Dodging
 - Level 1.0 Spellcasting
 - Level 2.6 Hexes


You had 2 spell levels left.
You knew the following spells:

 Your Spells              Type           Power      Damage    Failure   Level
a - Slow                  Hex            28%        N/A       12%         1

Your spell library contained the following spells:

 Spells                   Type           Power      Damage    Failure   Level
 Inner Flame              Hex/Fire       4%         N/A       54%         3
 Portal Projectile        Hex/Tloc       8%         N/A       54%         3
 Cause Fear               Hex            3%         N/A       77%         4

Inventory:

Hand Weapons
 Y - a +1 sling (weapon)
Armour
 g - a +0 leather armour (worn)
Potions
 d - a potion of mutation {unknown}

Dungeon Overview and Level Annotations

Branches:
Dungeon (2/15)

Altars:


Message History

The adder barely misses you.
You shoot a sling bullet.
The sling bullet closely misses the adder.
The hobgoblin hits you but does no damage.
The adder closely misses you. The hobgoblin barely misses you.
The adder completely misses you.
You shoot a sling bullet.
The sling bullet closely misses the adder.
The adder misses you. The hobgoblin barely misses you.
You shoot a sling bullet. The sling bullet misses the adder.
The adder bites you but does no damage.
The hobgoblin hits you but does no damage.
The adder bites you but does no damage.
You shoot a sling bullet.
The sling bullet hits the adder but does no damage.
The adder bites you but does no damage.
The hobgoblin hits you but does no damage.
The adder closely misses you. The hobgoblin barely misses you.
You shoot a sling bullet. The sling bullet misses the adder.
The adder bites you. The hobgoblin barely misses you.
You shoot a sling bullet.
The sling bullet closely misses the adder.
The adder bites you. The hobgoblin closely misses you.
The adder barely misses you.
You shoot a sling bullet.
The sling bullet closely misses the adder.
The adder bites you. The hobgoblin closely misses you. The adder bites you.
The hobgoblin hits you.
You shoot a sling bullet. The sling bullet hits the adder.
The adder is lightly wounded.
The adder bites you but does no damage.
The hobgoblin hits you but does no damage.
You shoot a sling bullet. The sling bullet hits the adder.
The adder is heavily wounded.
The adder bites you but does no damage. The hobgoblin closely misses you.
The adder misses you.
You shoot a sling bullet.
The sling bullet closely misses the adder.
The adder bites you.
You die...

....# ....##
#....##.# #......
#...#
##############...#
#...............##
#.#############.#
#.# #@# #.#
#.....S.g..# #.#
#......###.# #.#
....... .. #.#
....... ... #.#
....... .. #.#
#.###### . #.# #.#
#.# #.#


You could see an adder and a hobgoblin.

Vanquished Creatures
  A ball python (D:1)
  2 bats
  2 endoplasms (D:1)
  2 goblins
  A frilled lizard (D:1)
  4 kobolds
  A rat (D:1)
13 creatures vanquished.

Notes
Turn   | Place    | Note
-------+----------+-------------------------------------------
     0 | D:1      | qw the Gargoyle Hexslinger began the quest for the Orb.
     0 | D:1      | Reached XP level 1. HP: 12/12 MP: 2/2
     0 | D:1      | 0 ||| qw: Version: 0.3-a-52-g30416fa
     0 | D:1      | 0 ||| qw: Game counter: 7642
     0 | D:1      | 0 ||| qw: Melee chars always use a shield: true
     0 | D:1      | 0 ||| qw: God list: Okawaru
     0 | D:1      | 0 ||| qw: Allow faded altars: false
     0 | D:1      | 0 ||| qw: Do Orc after clearing Dungeon:15 true
     0 | D:1      | 0 ||| qw: Do second Lair branch before Depths: true
     0 | D:1      | 0 ||| qw: Lair rune preference: random
     0 | D:1      | 0 ||| qw: Goals: Normal
     0 | D:1      | 0 ||| PLANNING D:1-11
   254 | D:1      | Reached XP level 2. HP: 16/16 MP: 3/3
   426 | D:1      | 426 ||| UPGRADING to +0 leather armour.
   436 | D:1      | 436 ||| DROPPING +0 robe.
   437 | D:1      | 437 ||| READING scroll labelled IGIMNYENGO.
   440 | D:1      | 440 ||| READING scroll labelled KAEHEJ ODWYVALOA.
   441 | D:1      | 441 ||| DROPPING scroll of poison.
   487 | D:2      | Reached skill level 3 in Ranged Weapons
   543 | D:2      | HP: 4/16 [adder (1)]
   546 | D:2      | Slain by an adder

Levels and vault maps discovered:
D:1:      psy_arrival_statuary, layout_basic, minmay_misc_feat_encased
D:2:      layout_basic

Skill      XL: |  1  2 |
---------------+-------+-----
Ranged Weapons | 3 |  3.0
Fighting       | |  1.1
Dodging        | |  1.5
Spellcasting   | |  1.0
Hexes          | |  2.6

Action                     || total
---------------------------++-------
   Fire: Sling             ||    47
    Use: Scroll            ||     2
 Armour: Leather armour    ||    14
         Robe              ||     3
  Dodge: Dodged            ||    28

Table legend:
 A = Non-vault XP
 B = Vault XP
 C = Vault XP percentage of total XP
 D = Non-vault monster count
 E = Vault monster count
 F = Vault count percentage of total count
                 A         B        C        D         E       F
            +---------+---------+-------+---------+---------+-------
      Total |      20 |       0 |   0.0 |      13 |       0 |   0.0
            +---------+---------+-------+---------+---------+-------
        D:1 |      16 |       0 |   0.0 |      10 |       0 |   0.0
        D:2 |       4 |       0 |   0.0 |       3 |       0 |   0.0
            +---------+---------+-------+---------+---------+-------
